 Dungeon Crawl Stone Soup version 0.27.1-4-g1640c2035a (webtiles) character file.

Game seed: 14216522561472182975

2 bearlyready the Skirmisher (level 1, -2/24 HPs)
             Began as an Ogre Delver on Nov 13, 2021.
             Slain by a water moccasin skeleton (6 damage)
             ... on level 4 of the Dungeon.
             The game lasted 00:00:41 (82 turns).

bearlyready the Skirmisher (Ogre Delver)              Turns: 82, Time: 00:00:42

Health: -2/24      AC:  3    Str: 15    XL:     1   Next: 30%
Magic:  1/1        EV:  9    Int: 11    God:
Gold:   0          SH:  0    Dex: 10    Spells: 0/0 levels left

rFire    . . .     SeeInvis .   a - +0 mace
rCold    . . .     Faith    .   (no shield)
rNeg     . . .     Spirit   .   b - +0 robe
rPois    .         Reflect  .   (helmet restricted)
rElec    .         Harm     .   (no cloak)
rCorr    .         Rampage  .   (gloves unavailable)
Will     .....                  (boots unavailable)
Stlth    ++........             (no amulet)
HPRegen  0.08/turn              i - +4 ring of slaying
MPRegen  0.07/turn              (no ring)

@: no status effects
A: large, unfitting armour, tough skin 1
a: no special abilities


You were on level 4 of the Dungeon.
You visited 1 branch of the dungeon, and saw 2 of its levels.

Inventory:

Hand Weapons
 a - a +0 mace (weapon)
Missiles
 h - 3 stones (quivered)
Armour
 b - a +0 robe (worn)
Jewellery
 i - a +4 ring of slaying (left hand)
Wands
 g - a wand of digging (3)
Scrolls
 c - a scroll of fog
 e - a scroll of fear
Potions
 f - 2 potions of haste


   Skills:
 - Level 4.0 Fighting
 + Level 2.0 Maces & Flails
 - Level 1.7 Dodging
 - Level 3.7 Stealth


You couldn't memorise any spells.
You didn't know any spells.
Your spell library contained the following spells:

 Spells                   Type           Power      Damage    Failure   Level
 Slow                     Hex            0%         N/A       47%         2
 Confusing Touch          Hex            0%         N/A       71%         3
 Vampiric Draining        Necr           0%         2d6       71%         3


Dungeon Overview and Level Annotations

Branches:
Dungeon (5/15)
 Temple: D:4-7

Altars:
Gozag


Innate Abilities, Weirdness & Mutations

You are too large for most types of armour.
You have tough skin. (AC +1)


Message History

Press: ? - help, Q - select action Shift-Dir - straight line, f/p - orc
Aim: an orc, wielding a +0 trident and wearing a +0 leather armour (moderately wounded, 63% to hit)
You throw a stone. The stone closely misses the orc.
The stone hits the water moccasin skeleton.
The water moccasin skeleton is lightly damaged.
Throw: 7 stones
Press: ? - help, Q - select action Shift-Dir - straight line, f/p - orc
Aim: an orc, wielding a +0 trident and wearing a +0 leather armour (moderately wounded, 63% to hit)
You throw a stone. The stone closely misses the orc.
The stone hits the water moccasin skeleton.
The water moccasin skeleton is lightly damaged.
Throw: 6 stones
Press: ? - help, Q - select action Shift-Dir - straight line, f/p - orc
Aim: an orc, wielding a +0 trident and wearing a +0 leather armour (moderately wounded, 63% to hit)
You throw a stone. The stone hits the orc.
The orc is heavily wounded.
Throw: 5 stones
Press: ? - help, Q - select action Shift-Dir - straight line, f/p - orc
Aim: an orc, wielding a +0 trident and wearing a +0 leather armour (heavily wounded, 63% to hit)
You throw a stone. The stone barely misses the orc.
The orc hits you but does no damage.
There is a stone staircase leading down here.
Throw: 4 stones
Press: ? - help, Q - select action Shift-Dir - straight line, f/p - orc
Aim: an orc, wielding a +0 trident and wearing a +0 leather armour (heavily wounded, 63% to hit)
You throw a stone. The stone hits the orc.
The orc is severely wounded.
The orc hits you from afar with a +0 trident!
The orc hits you with a +0 trident.
You closely miss the orc.
The orc is severely wounded.
The orc hits you with a +0 trident. The orc barely misses you.
You hit the orc.
You kill the orc!
The water moccasin skeleton bites you.
* * * LOW HITPOINT WARNING * * *
Your Maces & Flails skill increases to level 2!
There is a stone staircase leading down here.
The water moccasin skeleton bites you.
You die...

#.#
#Z#
#.#
#(#
###(#
#...#
#)###
#Z#
#@#
#.#
#.#
#..
#..
#.##
#.#
..#


You could see a water moccasin skeleton.

Vanquished Creatures
  An orc (D:4)
1 creature vanquished.

Notes
Turn   | Place    | Note
-------+----------+-------------------------------------------
     0 | D:5      | bearlyready the Ogre Delver began the quest for the Orb.
     0 | D:5      | Reached XP level 1. HP: 24/24 MP: 1/1
     5 | D:5      | Found an opulent altar of Gozag.
    82 | D:4      | Slain by a water moccasin skeleton

Illustrated notes

Levels and vault maps discovered:
D:4:      layout_loops_ring, lemuel_crystal_altar, uniq_pikel, uniq_ijyb
D:5:      layout_basic, mainiacjoe_overflow_alcove_4,
          mainiacjoe_overflow_cross_hatched, nrook_campfire

Skill      XL: |  1 |
---------------+----+-----
Maces & Flails | 2 |  2.0
Fighting       | |  4.0
Dodging        | |  1.7
Stealth        | |  3.7

Action                   || total
-------------------------++-------
Melee: Mace              ||     2
Throw: Stone             ||     6
  Use: Scroll            ||     1
Armor: Robe              ||     1
Dodge: Dodged            ||     1
